 Dungeon Crawl Stone Soup version 0.18-a0-1202-g796ae12 (webtiles) character file.

11655 Banto the Unseen (level 11, 0/45 HPs)
             Began as a Felid Chaos Knight on Jan 31, 2016.
             Slain by a water moccasin (3 damage)
             ... on level 3 of the Lair of Beasts.
             The game lasted 00:31:52 (16941 turns).

Banto the Unseen (Felid Chaos Knight)              Turns: 16941, Time: 00:31:52

Health: 0/45       AC:  2    Str: 10 (11) XL:     11   Next: 52%
Magic:  9/12       EV: 29    Int: 16      God:    Xom [...*..]
Gold:   757        SH:  0    Dex: 20 (21) Spells: 2 memorised, 1 level left
                                        Lives:  0   Deaths: 3

rFire  + . .     SeeInvis +       - Unarmed
rCold  . . .     Gourm    .     (armour unavailable)
rNeg   . . .     Faith    .     (shield unavailable)
rPois  +         Spirit   .     (helmet unavailable)
rElec  .         Dismiss  .     (cloak unavailable)
rCorr  .         Reflect  .     (gloves unavailable)
SustAt .         Harm     .     (boots unavailable)
MR     +....                    k - amulet of magic regeneration (curse)
Stlth  +++++++++.               (no ring)
                                h - +5 ring of strength

@: very slightly contaminated, quick, somewhat resistant to hostile
enchantments, incredibly stealthy
A: no armour, no weapons or thrown items, claws 1, fangs 3, see invisible, agile
1, carnivore 3, clever 1, deterioration 1, fire resistance 1, speed 1, sense
surroundings 1, poison resistance, shaggy fur 2, slow metabolism 1, weak 1, wild
magic 1, evolution 2, sharp paws
a: Renounce Religion


You were on level 3 of the Lair of Beasts.
You worshipped Xom.
You were a favourite toy of Xom.
You were not hungry.

You visited 2 branches of the dungeon, and saw 13 of its levels.
You also visited: Sewer.

You collected 757 gold pieces.

Inventory:

Jewellery
 h - a +5 ring of strength (left paw)
 k - a cursed amulet of magic regeneration (around neck)
 y - an uncursed ring of ice
 B - a +5 amulet of reflection {unknown}
 D - a +2 ring of evasion {unknown}
Wands
 w - a wand of enslavement (11/24)
 A - a wand of disintegration (14/24)
Scrolls
 c - 2 scrolls of recharging
 e - 3 scrolls of fear
 f - 10 scrolls of remove curse
 o - 4 scrolls of identify
 p - 2 scrolls of magic mapping
 r - 5 scrolls of blinking
 t - 3 scrolls of teleportation
 z - a scroll of amnesia
Potions
 g - 4 potions of brilliance
 i - 4 potions of might
 j - 2 potions of heal wounds
 m - 6 potions of haste
 n - a potion of cancellation
 q - 4 potions of curing
 u - 2 potions of agility
 v - 2 potions of flight
 C - 2 potions of cure mutation
Books
 d - a book of the Dragon

   Spells                             Type                      Level
   a - Flame Tongue                   Conjuration/Fire             1
   b - Cause Fear                     Hexes                        4
   c - Bolt of Fire                   Conjuration/Fire             6
   d - Dragon Form                    Transmutation                7
   e - Dragon's Call                  Summoning                    9
 x - a book of Dreams

   Spells                             Type                      Level
   a - Ensorcelled Hibernation        Hexes/Ice                    2
   b - Phase Shift                    Translocation                5
   c - Silence                        Hexes/Air                    5
   d - Darkness                       Hexes                        6
   e - Mass Confusion                 Hexes                        6
   f - Shadow Creatures               Summoning                    6
Comestibles
 a - 5 meat rations
 b - 5 slices of pizza
 l - 7 royal jellies
 s - 4 beef jerkies


   Skills:
 - Level 3.0 Fighting
 + Level 11.6 Dodging
 - Level 19.0 Stealth
 + Level 8.8 Unarmed Combat
 - Level 9.5 Hexes


You had one spell level left.
You knew the following spells:

 Your Spells              Type           Power        Failure   Level  Hunger
a - Ensorcelled Hibernat  Hex/Ice        ###...       16%         2    ###....
b - Dragon Form           Trmt           #.........   100%        7    #######


Dungeon Overview and Level Annotations

Branches:
Dungeon (10/15)            Temple (0/1) D:7            Lair (3/8) D:8
  Snake (0/4) Lair:3
  Swamp: Lair:3-6    Shoals: Lair:3-6       Orc: D:9-12

Altars:
Ashenzari
Cheibriados
Fedhas
Gozag
Kikubaaqudgha
Nemelex Xobeh
Pakellas
Qazlal
Trog
Xom


Innate Abilities, Weirdness & Mutations

You cannot wear armour.
You are incapable of wielding weapons or throwing items.
You have sharp claws.
You have razor-sharp teeth.
You have supernaturally acute eyesight.
You are carnivorous and can eat meat at any time.
You cover ground quickly.
You are covered in thick fur (AC +2).
You have a slow metabolism.
Your sharp claws are effective at attacking unaware monsters.
You are agile. (Dex +2)
Your mind is acute. (Int +2)
Your body sometimes deteriorates upon taking damage.
Your flesh is heat resistant.
You passively map a small area around you.
Your system is resistant to poisons.
You are weak. (Str -2)
Your spells are a little harder to cast, but a little more powerful.
You rapidly evolve.


Message History

"Over there now!"
The water moccasin blinks!
You are now Xom's teddy bear.
The water moccasin barely misses you.
The water moccasin completely misses you.
A scorpion comes into view.
Xom calls forth mighty explosions.
The fireball engulfs the eight-headed hydra.
The fireball engulfs the komodo dragon.
The fireball engulfs the water moccasin.
You are now a favourite toy of Xom.
Casting: Ensorcelled Hibernation
Confirm with . or Enter, or press ? or * to list all spells.
Aiming: Ensorcelled Hibernation
Press: ? - help, Shift-Dir - straight line, f - water moccasin, p - eight-headed hydra
Aim: a water moccasin (moderately wounded, chance to defeat MR: 51%)
The water moccasin resists with some effort.
The water moccasin bites you.
You die...
Xom chuckles heartily!

P.........#...###.P###...........
.......s..#.....#..###...≈≈.P...≈
...................#P#...≈≈≈≈≈≈P≈
#.........#...P#.........≈P≈P≈≈≈≈
......<..................PP≈≈≈P≈≈
......†...#....###.###...≈≈PP≈≈≈≈
#...#.#.##.....###.# #...≈≈≈≈≈P≈≈
............l..##.###...♣P≈≈≈≈≈≈≈
.............D.S@.......♣P≈≈≈≈≈≈≈
#####.#.##.#.##.#.##...♣♣≈≈≈≈≈≈≈≈
###################♣♣♣≈≈≈≈≈≈≈
Y≈;≈≈≈≈ * ≈ ≈


You could see an eight-headed hydra, a komodo dragon and a water moccasin.

Vanquished Creatures
  The ghost of P0WERM0DE the Bludgeoner, a novice OgWn of Zin (D:10)
  A hydra (Lair:1)
  Erolcha (D:8)
  Erica (D:8)
  Joseph (D:9)
  A gargoyle (D:10)
  7 spiny frogs
  4 komodo dragons
  A fire drake (Lair:2)
  A queen bee (D:8)
  2 trolls
  Grinder (D:3)
  A two-headed ogre (D:8)
  12 yaks
  A basilisk (Lair:1)
  2 hippogriffs (D:8)
  3 wolves (Lair:3)
  6 nagas
  5 porcupines
  3 water moccasins
  4 orc warriors
  A sky beast (D:7)
  An ice beast (D:9)
  A necrophage (D:5)
  A wasp (D:8)
  2 black bears
  2 centaurs
  5 ogres
  6 crocodiles
  A big kobold (Sewer)
  5 giant frogs
  A gnoll sergeant (D:6)
  A water moccasin zombie (D:6)
  3 scorpions
  22 killer bees
  3 vampire bats (D:3)
  2 crimson imps
  A jelly (D:10)
  4 hounds
  3 giant frog skeletons
  A centaur skeleton (D:6)
  2 gnoll shamans
  3 orc wizards
  2 iguanas
  4 worker ants
  A hound skeleton (D:8)
  A hound zombie (D:9)
  26 gnolls
  12 adders
  26 river rats
  5 shadow imps
  2 oozes
  2 adder zombies
  6 worms
  3 giant geckos
  18 orcs
  2 bat skeletons (D:3)
  4 bat zombies (D:3)
  3 giant cockroaches
  4 goblins
  10 hobgoblins
  3 jackals (D:8)
  6 kobolds
  6 quokkas
  6 ball pythons
  11 bats
  2 giant gecko skeletons (D:4)
  7 giant newts
  A quokka skeleton (D:4)
  8 rats
  A fire vortex (D:8)
312 creatures vanquished.

Vanquished Creatures (collateral kills)
  A hill giant (D:7)
  2 scorpions
  A killer bee (D:8)
  A hound (D:7)
  An orc priest (D:7)
  5 orc wizards (D:7)
  2 river rats (Lair:2)
  2 orcs
15 creatures vanquished.

Vanquished Creatures (others)
  A fire dragon (D:6)
  A wizard (D:8)
  An ice beast (D:8)
  A shadow imp (D:8)
  7 fungi
  2 plants (D:8)
13 creatures vanquished.

Grand Total: 340 creatures vanquished

Notes
Turn   | Place    | Note
--------------------------------------------------------------
     0 | D:1      | Banto the Felid Chaos Knight began the quest for the Orb.
     0 | D:1      | Reached XP level 1. HP: 10/10 MP: 2/2
   137 | D:1      | Reached skill level 1 in Stealth
   383 | D:1      | Reached XP level 2. HP: 14/14 MP: 3/3
  1380 | D:2      | XOM: mild Necr miscast
  1385 | D:2      | XOM: harmless Trmt miscast
  1512 | D:2      | Reached XP level 3. HP: 13/16 MP: 4/4
  1746 | D:2      | Found a shattered altar of Ashenzari.
  1772 | D:2      | Reached skill level 4 in Dodging
  1911 | D:2      | XOM: harmless Tloc miscast
  2368 | D:2      | Reached XP level 4. HP: 20/20 MP: 5/5
  2640 | D:3      | Noticed Grinder
  2676 | D:3      | XOM is BORED!
  2676 | D:3      | XOM: medium Summ miscast
  2677 | D:3      | Noticed a small abomination
  2677 | D:3      | Noticed a small abomination
  2689 | D:3      | Mangled by a small abomination
  2690 | D:3      | Reached XP level 3. HP: -6/16 MP: 4/4
  2697 | D:3      | XOM: potion effect (brilliance)
  2714 | D:3      | Paralysed by Grinder for 7 turns
  2718 | D:3      | XOM: butterfly on damage
  2741 | D:3      | Killed Grinder
  2741 | D:3      | Reached skill level 5 in Dodging
  2741 | D:3      | Reached XP level 4. HP: 18/21 MP: 5/5
  2741 | D:3      | Reached XP level 5. HP: 20/24 MP: 6/6
  2795 | D:3      | XOM: colour smoke trail
  3065 | D:3      | Found an ancient bone altar of Kikubaaqudgha.
  3075 | D:3      | XOM: potion effect (brilliance)
  3080 | D:3      | XOM: enchant monster (good)
  3083 | D:3      | Gained mutation: You are covered in thick fur (AC +2). [Felid growth]
  3083 | D:3      | Reached XP level 6. HP: 16/28 MP: 7/7
  3094 | D:3      | Reached skill level 5 in Stealth
  3094 | D:3      | Reached skill level 5 in Unarmed Combat
  3095 | D:3      | XOM: summons 2 friendly demons
  3298 | D:3      | Reached skill level 6 in Dodging
  3314 | D:3      | XOM: enchant monster (bad)
  3336 | D:3      | XOM: confusion (+ monsters)
  4049 | D:3      | Found a shimmering altar of Xom.
  4310 | D:4      | XOM: polymorph gnoll -> hound
  4323 | D:4      | Reached XP level 7. HP: 23/31 MP: 8/8
  4425 | D:3      | XOM: scenery: 1 doors open
  4671 | D:4      | XOM: medium Chrm miscast
  4799 | D:4      | XOM: noise
  4800 | D:4      | XOM: summons friendly crimson imp
  4834 | D:4      | Gained mutation: Your system is resistant to poisons. [potion of mutation]
  4834 | D:4      | Gained mutation: Your flesh is heat resistant. [potion of mutation]
  4834 | D:4      | Gained mutation: Your mind is acute. (Int +2) [potion of mutation]
  4835 | D:4      | HP: 1/31 [poisoned by a scorpion]
  5110 | D:4      | XOM: 7-stop teleportation journey
  5234 | D:4      | XOM: give mutations
  5234 | D:4      | Gained mutation: You passively map a small area around you. [Xom's mischief]
  5234 | D:4      | Gained mutation: You are partially covered in thin metallic scales (AC +2). [Xom's mischief]
  5234 | D:4      | Lost mutation: Your mind is acute. (Int +2) [Xom's mischief]
  5245 | D:5      | Entered Level 5 of the Dungeon
  5344 | D:5      | XOM: summons friendly ufetubus
  5351 | D:5      | XOM: confuse monster(s)
  5356 | D:5      | XOM: cast spell 'Dragon Form'
  5357 | D:5      | Reached skill level 7 in Dodging
  5671 | D:5      | Found a snail-covered altar of Cheibriados.
  5842 | D:4      | XOM: butterfly on damage
  6254 | D:6      | XOM: divination: detect creatures
  6317 | D:6      | Reached XP level 8. HP: 34/34 MP: 9/9
  6344 | D:6      | Found an oddly glowing altar of Pakellas.
  6345 | D:6      | Noticed a fire dragon
  6351 | D:6      | XOM: mild Erth miscast
  6388 | D:6      | Killed a fire dragon
  6530 | D:6      | Found a glowing drain.
  6538 | Sewer    | Entered a sewer
  6663 | Sewer    | XOM: medium Necr miscast
  6684 | Sewer    | Gained mutation: You are resistant to hostile enchantments. [potion of mutation]
  6684 | Sewer    | Lost mutation: You are partially covered in thin metallic scales (AC +2). [potion of mutation]
  6820 | Sewer    | Reached skill level 8 in Dodging
  6828 | Sewer    | XOM: butterfly on damage
  6933 | Sewer    | XOM: medium Hex miscast
  6955 | Sewer    | XOM: divination: detect items
  7116 | Sewer    | XOM: harmless Ice miscast
  7131 | Sewer    | XOM: enchant monster (bad)
  7394 | D:7      | Noticed a hill giant
  7642 | D:6      | XOM: vitrification
  7969 | D:5      | XOM: vitrification
  8247 | D:6      | XOM: butterfly on damage
  8452 | D:7      | XOM: vitrification
  8535 | D:7      | Gained mutation: You are agile. (Dex +2) [potion of mutation]
  8535 | D:7      | Gained mutation: You evolve. [potion of mutation]
  8664 | D:7      | Found a staircase to the Ecumenical Temple.
  8805 | D:7      | XOM: summons 2 friendly demons
  8816 | D:7      | XOM: divination: magic mapping
  8817 | D:7      | XOM: enchant monster (good)
  8823 | D:7      | XOM: butterfly on damage
  8833 | D:7      | XOM: harmless Hex miscast
  8835 | D:7      | XOM: enchant monster (good)
  8852 | D:7      | Killed a hill giant
  8852 | D:7      | Reached skill level 9 in Dodging
  9215 | D:7      | Lost mutation: You are resistant to hostile enchantments. [evolution]
  9326 | D:7      | XOM: butterfly on damage
  9360 | D:7      | Reached XP level 9. HP: 10/37 MP: 10/10
  9766 | D:8      | XOM: mild Fire miscast
  9810 | D:8      | Found a bloodstained altar of Trog.
  9813 | D:8      | Noticed a wizard
  9820 | D:8      | Killed a wizard
  9920 | D:8      | Learned a level 2 spell: Ensorcelled Hibernation
  9948 | D:8      | Noticed Erica
 10028 | D:8      | XOM: medium Fire miscast
 10128 | D:8      | XOM: mild Chrm miscast
 10136 | D:8      | XOM: confuse monster(s)
 10168 | D:8      | Reached skill level 10 in Stealth
 10406 | D:8      | Reached skill level 1 in Hexes
 10421 | D:8      | Reached skill level 10 in Dodging
 10425 | D:8      | XOM: summons friendly white imp
 10430 | D:8      | XOM: scenery: create altars
 10740 | D:8      | XOM: confuse monster(s)
 10758 | D:8      | Noticed a queen bee
 10773 | D:8      | XOM: divination: detect creatures
 10791 | D:9      | Gained mutation: You rapidly evolve. [evolution]
 11030 | D:9      | Found a sparkling altar of Nemelex Xobeh.
 11074 | D:9      | Noticed a troll
 11078 | D:9      | XOM: cast spell 'Dispersal'
 11098 | D:9      | XOM: enchant monster (good)
 11102 | D:9      | Killed a troll
 11180 | D:9      | XOM: enchant monster (good)
 11363 | D:8      | Reached skill level 11 in Stealth
 11385 | D:8      | Reached skill level 5 in Hexes
 11654 | D:9      | Noticed Joseph
 11661 | D:9      | Killed Joseph
 11661 | D:9      | Reached XP level 10. HP: 42/42 MP: 11/11
 11756 | D:9      | XOM: silly message
 11783 | D:9      | XOM: cast spell 'Ring of Flames'
 11793 | D:9      | Found a stormy altar of Qazlal.
 11864 | D:9      | XOM is BORED!
 11864 | D:9      | XOM: mild Summ miscast
 11968 | D:9      | Found an oddly glowing altar of Pakellas.
 11969 | D:9      | Found an opulent altar of Gozag.
 12051 | D:8      | XOM: mild Tloc miscast
 12064 | D:8      | XOM: cast spell 'Spider Form'
 12105 | D:8      | XOM: divination: detect creatures
 12108 | D:8      | Reached skill level 12 in Stealth
 12498 | D:8      | Noticed Erolcha
 12516 | D:8      | XOM: enchant monster (good)
 12552 | D:8      | Slain by Erolcha
 12553 | D:8      | Reached XP level 9. HP: 0/37 MP: 10/10
 12558 | D:8      | XOM: summons friendly ufetubus
 12574 | D:8      | XOM: divination: detect items
 12578 | D:8      | Killed Erolcha
 12632 | D:8      | XOM: potion effect (haste)
 12637 | D:8      | Killed Erica
 12637 | D:8      | Reached skill level 13 in Stealth
 12637 | D:8      | Reached XP level 10. HP: 7/42 MP: 0/11
 12885 | D:8      | XOM: destruction
 12919 | D:8      | Found a blossoming altar of Fedhas.
 12940 | D:8      | Found a staircase to the Lair.
 13004 | D:8      | XOM: cast spell 'Dragon Form'
 13204 | D:10     | Entered Level 10 of the Dungeon
 13204 | D:10     | Noticed a gargoyle
 13209 | D:10     | Killed a gargoyle
 13209 | D:10     | Reached skill level 14 in Stealth
 13486 | D:10     | XOM: swap monsters
 13520 | D:10     | Reached skill level 15 in Stealth
 13543 | D:10     | Gained mutation: Your spells are a little harder to cast, but a little more powerful. [evolution]
 13656 | D:10     | XOM: vitrification
 13669 | D:10     | Noticed a white ugly thing
 13675 | D:10     | Noticed an ice dragon
 13675 | D:10     | a white ugly thing changed into an ice dragon
 13675 | D:10     | XOM: polymorph white ugly thing -> ice dragon
 13709 | D:10     | Learned a level 7 spell: Dragon Form
 13727 | D:10     | XOM: vitrification
 13777 | D:10     | XOM: divination: detect creatures
 13778 | D:10     | Noticed P0WERM0DE's ghost (novice OgWn)
 13796 | D:10     | XOM: confuse monster(s)
 13797 | D:10     | XOM: fake destruction
 13798 | D:10     | XOM: noise
 13801 | D:10     | XOM: 1-stop teleportation journey
 13809 | D:10     | XOM: summons 3 friendly demons
 13811 | D:10     | XOM: polymorph white imp -> shadow imp
 13815 | D:10     | Mangled by P0WERM0DE's ghost
 13816 | D:10     | Reached XP level 9. HP: -13/37 MP: 10/10
 13830 | D:10     | Killed P0WERM0DE's ghost
 13849 | D:10     | XOM: silly message
 13892 | D:10     | XOM: harmless Air miscast
 14086 | D:10     | XOM: 5-stop teleportation journey
 14172 | D:8      | XOM: silly message
 14205 | Lair:1   | Entered Level 1 of the Lair of Beasts
 14216 | Lair:1   | Noticed a komodo dragon
 14218 | Lair:1   | Noticed an eight-headed hydra
 14223 | Lair:1   | Killed a komodo dragon
 14223 | Lair:1   | Reached skill level 16 in Stealth
 14223 | Lair:1   | Reached XP level 10. HP: 42/42 MP: 11/11
 14226 | Lair:1   | Killed an eight-headed hydra
 14422 | Lair:1   | XOM: confusion (+ monsters)
 14584 | Lair:1   | XOM: colour smoke trail
 14622 | Lair:1   | XOM: divination: detect creatures
 14690 | Lair:1   | XOM: harmless Erth miscast
 14749 | Lair:1   | XOM: summons friendly white imp
 14835 | Lair:1   | XOM: harmless Air miscast
 14985 | Lair:1   | Noticed a spiny frog
 14994 | Lair:1   | Killed a spiny frog
 14994 | Lair:1   | Reached skill level 17 in Stealth
 15062 | Lair:2   | Noticed a spiny frog
 15072 | Lair:2   | Killed a spiny frog
 15074 | Lair:2   | XOM: potion effect (haste)
 15198 | Lair:2   | XOM: colour smoke trail
 15291 | Lair:2   | Noticed a spiny frog
 15293 | Lair:2   | Noticed a spiny frog
 15296 | Lair:2   | Killed a spiny frog
 15299 | Lair:2   | XOM: potion effect (invisibility)
 15311 | Lair:2   | Killed a spiny frog
 15311 | Lair:2   | Reached skill level 18 in Stealth
 15369 | Lair:2   | Reached XP level 11. HP: 45/45 MP: 12/12
 15397 | Lair:2   | XOM: silly message
 15406 | Lair:2   | XOM: swap monsters
 15420 | Lair:2   | XOM: give mutations
 15420 | Lair:2   | Gained mutation: You are dopey. (Int -2) [Xom's mischief]
 15420 | Lair:2   | Gained mutation: Your body sometimes deteriorates upon taking damage. [Xom's mischief]
 15680 | Lair:2   | XOM: noise
 15926 | Lair:3   | XOM: stealth player
 15989 | Lair:3   | XOM: confusion (+ monsters)
 15996 | Lair:3   | XOM: blink monster(s)
 16003 | Lair:3   | XOM: give mutations
 16003 | Lair:3   | Gained mutation: You are weak. (Str -2) [Xom's mischief]
 16003 | Lair:3   | Lost mutation: You are dopey. (Int -2) [Xom's mischief]
 16034 | Lair:2   | XOM: medium Conj miscast
 16274 | Lair:2   | Gained mutation: Your mind is acute. (Int +2) [evolution]
 16473 | Lair:3   | Reached skill level 19 in Stealth
 16503 | Lair:3   | Found a staircase to the Snake Pit.
 16531 | Lair:3   | XOM: potion effect (invisibility)
 16537 | Lair:3   | XOM: swap monsters
 16544 | Lair:3   | XOM: 2-stop teleportation journey
 16567 | Lair:3   | XOM: harmless Summ miscast
 16901 | Lair:3   | Noticed a catoblepas
 16919 | Lair:3   | XOM: blink monster(s)
 16921 | Lair:3   | Noticed an eight-headed hydra
 16927 | Lair:3   | XOM: noise
 16927 | Lair:3   | HP: 2/45 [eight-headed hydra (2)]
 16934 | Lair:3   | XOM: blink monster(s)
 16940 | Lair:3   | XOM: destruction
 16941 | Lair:3   | Slain by a water moccasin

Vault maps used:
D:1:      onia_arrival_mini_spirals, serial_bayou_pond_b
D:2:      old_standard_altar, first_bread, serial_bayou_pond_a
D:3:      kennysheep_vampire_church, tgw_xom, uniq_grinder
D:4:      kennysheep_big_flooded_room, hangedman_decor_slide_cut,
          kennysheep_generic_room_2
D:5:      basic_altar
D:6:      lightli_sewer_entry_pipes, gammafunk_pakellas_cloud_experiment
D:7:      minmay_temple_entry_fiery
D:8:      fedhas_altar_3, lair_0_dummy, david_nohive_1, trog_wizard,
          uniq_erolcha, uniq_erica
D:9:      gammafunk_temple_overflow_statue, nemelex_xobeh_ov_fountains_minmay,
          lemuel_doored_altar, uniq_joseph
Lair:3:   minmay_snake_entry_guardpost_medium, serial_bayou_shore_a,
          grunt_megastairs_3
Sewer:    sewer_co_15_rooms

Action                   |  1- 3 |  4- 6 |  7- 9 | 10-12 || total
-------------------------+-------+-------+-------+-------++-------
Melee: Unarmed           |   110 |    99 |   464 |   304 ||   977
 Cast: Ensorcelled Hiber |       |       |    30 |    77 ||   107
Evoke: Wand              |       |    18 |       |       ||    18
  Use: Potion            |     4 |       |     8 |       ||    12
       Scroll            |     3 |     2 |    13 |     4 ||    22
 Stab: Sleeping          |     9 |     8 |    40 |    69 ||   126
       Confused          |       |     2 |     2 |     4 ||     8
       Petrified         |       |       |     1 |       ||     1
       Distracted        |       |       |       |     7 ||     7
       Invisible         |       |       |       |     4 ||     4
  Eat: Chunk             |    10 |     6 |    20 |    22 ||    58
